Map: Dash and Terminal LE (Void)

Players

Walnut - Winner!

  • Race: Protoss Protoss
  • League: Grandmaster

Torkk

  • Race: Protoss Protoss
  • League: Gold

VOD

Have the link to the VOD?

Description

Time

  • Played on: July 15, 2015, 9:49 p.m.
  • Length: 7:55
Show
View Real Time Build Order
Export as new Build Order

Walnut Protoss - Winner!

Build Orders:  

Get SALT Encoding   

  12  0:01  Probe  
  13  0:14  Pylon  
  13  0:18  Probe  
  14  0:32  Probe (Chrono Boost)  
  14  0:35  Gateway  
  15  0:42  Probe (Chrono Boost)  
  16  0:44  Assimilator  
  16  0:49  Probe  
  17  0:54  Assimilator  
  17  1:01  Probe (Chrono Boost)  
  18  1:10  Forge  
  18  1:14  Probe (Chrono Boost)  
  19  1:22  Probe (Chrono Boost)  
  20  1:27  Cybernetics Core  
  20  1:32  Probe  
  21  1:39  Pylon  
  21  1:45  Protoss Ground Weapons Level 1  
  21  1:59  Probe  
  22  2:03  Adept (Chrono Boost)  
  22  2:04  Warp Gate (Chrono Boost)  
  24  2:10  Photon Cannon  
  24  2:18  Mothership Core  
  26  2:46  Nexus  
  26  2:49  Sentry  
  28  3:03  Pylon  
  28  3:09  Robotics Facility  
  28  3:28  Gateway  
  28  3:29  Probe (Chrono Boost)  
  29  3:36  Gateway  
  29  3:47  Probe, Pylon  
  30  3:56  Observer (Chrono Boost)  
  30  4:01  Adept  
  33  4:03  Protoss Ground Armor Level 1 (Chrono Boost)  
  33  4:04  Probe  
  33  4:07  Probe  
  35  4:14  Observer (Chrono Boost)  
  35  4:16  Probe  
  37  4:19  Probe  
  38  4:27  Sentry  
  38  4:28  Probe  
  38  4:30  Stalker  
  44  4:31  Probe  
  44  4:45  Probe x2, Twilight Council  
  46  4:49  Stalker  
  48  4:57  Probe x2  
  50  5:07  Immortal (Chrono Boost)  
  50  5:09  Probe  
  50  5:11  Probe  
  56  5:17  Pylon  
  56  5:18  Adept  
  58  5:22  Adept  
  60  5:36  Photon Cannon  
  60  5:40  Immortal (Chrono Boost)  
  64  5:49  Zealot x2  
  64  5:50  Adept  
  64  5:53  Probe x2  
  58  6:05  Probe x2  
  58  6:10  Gateway  
  60  6:11  Adept  
  60  6:18  Adept x2  
  58  6:31  Immortal (Chrono Boost)  
  64  6:32  Probe x2  
  64  6:36  Adept, Assimilator  
  64  6:38  Adept  
  68  6:40  Shield Upgrade (Chrono Boost)  
  68  6:46  Pylon  
  68  7:00  Assimilator  
  68  7:04  Probe x2  
  68  7:05  Pylon  
  68  7:07  Adept x3  
  68  7:08  Pylon  
  64  7:16  Probe  
  64  7:20  Immortal (Chrono Boost)  
  64  7:22  Sentry  
  69  7:36  Adept x3  
  75  7:40  Probe  
Show
View Real Time Build Order
Export as new Build Order

Torkk Protoss 

Build Orders: Blink Stalkers 

Get SALT Encoding   

  12  0:01  Probe  
  13  0:14  Pylon  
  13  0:20  Probe  
  14  0:32  Probe (Chrono Boost)  
  15  0:36  Gateway  
  16  0:44  Probe (Chrono Boost)  
  16  0:51  Probe (Chrono Boost)  
  16  0:54  Assimilator  
  16  0:56  Assimilator  
  17  1:02  Probe (Chrono Boost)  
  17  1:03  Pylon  
  18  1:14  Probe (Chrono Boost)  
  19  1:22  Probe  
  19  1:23  Cybernetics Core  
  20  1:34  Probe (Chrono Boost)  
  21  1:43  Gateway  
  21  1:46  Probe (Chrono Boost)  
  22  1:52  Probe (Chrono Boost)  
  23  2:04  Gateway  
  23  2:07  Stalker, Warp Gate  
  25  2:17  Mothership Core (Chrono Boost)  
  27  2:29  Twilight Council  
  27  2:37  Stalker  
  27  2:43  Pylon  
  29  3:00  Stalker x2  
  29  3:04  Pylon  
  33  3:22  Blink (Chrono Boost)  
  33  3:23  Probe  
  33  3:25  Stalker  
  36  3:34  Stalker  
  38  3:43  Pylon  
  38  3:53  Stalker  
  38  3:54  Stalker  
  42  4:14  Robotics Facility  
  42  4:20  Stalker  
  44  4:34  Stalker  
  46  4:41  Stalker, Pylon  
  48  4:51  Stalker  
  50  4:57  Stalker  
  50  5:08  Stalker  
  52  5:16  Adept  
  52  5:19  Stalker  
  56  5:35  Stalker, Pylon  
  58  5:38  Stalker  
  58  5:41  Zealot  
  58  6:03  Stalker x2  
  56  6:06  Stalker  
  52  6:25  Stalker x2  
  46  6:34  Stalker  
  46  6:53  Stalker x2  
  46  7:17  Zealot x3  
  38  7:39  Stalker x3  
Tags
 
Add a new tag
Caveats
  • Supply blocks, unpowered buildings, or Contaminate may cause inaccurate times.
  • Supply counts are checked every 10 seconds.